 Dungeon Crawl Stone Soup version 0.29-a0-821-g66395355a5 (webtiles) character file.

Game seed: 18235250475122945517

228 avis the Chiller (level 5, -5/41 HPs)
             Began as a Demigod Ice Elementalist on July 7, 2022.
             Slain by Edmund
             ... wielding a +1 vorpal flail
              (10 damage)
             ... on level 4 of the Dungeon.
             The game lasted 00:21:15 (3593 turns).

avis the Chiller (Demigod Ice Elementalist)         Turns: 3593, Time: 00:21:18

Health: -5/41      AC:  9    Str:  9    XL:     5   Next: 42%
Magic:  11/21      EV: 13    Int: 17    God:
Gold:   56         SH:  0    Dex: 18    Spells: 6/10 levels left

rFire   . . .      SeeInvis +   v - +1 whip (elec)
rCold   . . .      Faith    .   (no shield)
rNeg    . . .      Spirit   .   t - +0 robe
rPois   .          Reflect  .   (no helmet)
rElec   .          Harm     .   (no cloak)
rCorr   .          Rampage  .   (no gloves)
Will    .....                   w - +0 pair of boots
Stlth   ++........              (no amulet)
HPRegen 0.13/turn               g - ring of magical power
MPRegen 0.17/turn               z - ring of see invisible

@: ice-armoured
A: high MP 1, forlorn, divine attributes
a: no special abilities


You were on level 4 of the Dungeon.
You visited 1 branch of the dungeon, and saw 4 of its levels.

You collected 196 gold pieces.
You spent 140 gold pieces at shops.

Inventory:

Hand Weapons
 a - a +1 dagger of speed
 b - a +0 vorpal morningstar
 c - a +0 dagger
 v - a +1 whip of electrocution (weapon)
Missiles
 p - 14 poisoned darts
Armour
 t - a +0 robe (worn)
 w - a +0 pair of boots (worn)
Jewellery
 g - a ring of magical power (left hand)
 x - an amulet of guardian spirit
 z - a ring of see invisible (right hand)
Scrolls
 d - 2 scrolls of teleportation
 e - 2 scrolls of enchant weapon {unknown}
 k - 6 scrolls of identify {unknown}
 l - 2 scrolls of enchant armour {unknown}
 o - a scroll of noise
 q - a scroll of summoning {unknown}
 r - a scroll of poison {unknown}
 s - a scroll of vulnerability {unknown}
 u - a scroll of fear {unknown}
 y - a scroll of amnesia {unknown}
Potions
 f - a potion of ambrosia {unknown}
 h - a potion of haste {unknown}
 j - a potion of lignification {unknown}
 m - a potion of magic
 n - a potion of attraction {unknown}


   Skills:
 - Level 2.0 Fighting
 * Level 1.8 Armour
 - Level 3.0 Dodging
 - Level 2.0 Stealth
 - Level 3.0 Spellcasting
 - Level 4.0 Ice Magic


You had 6 spell levels left.
You knew the following spells:

 Your Spells              Type           Power      Damage    Failure   Level
a - Freeze                Ice            64%        1d8       3%          1
o - Ozocubu's Armour      Ice            16%        N/A       10%         3

Your spell library contained the following spells:

 Spells                   Type           Power      Damage    Failure   Level
 Frozen Ramparts          Ice            32%        1d5       10%         3
 Hailstorm                Conj/Ice       9%         3d4       58%         4


Dungeon Overview and Level Annotations

Branches:
Dungeon (4/15)
 Temple: D:4-7

Shops:
D:2 *

Annotations:
D:4 1 runed translucent door, Edmund; zhov's ghost, amateur DsHu


Innate Abilities, Weirdness & Mutations

You have an increased reservoir of magic. (+10% MP)
You shall have no god before yourself.
Your divine heritage dramatically boosts your attributes as you level up.


Message History

Edmund hits you with a +1 vorpal flail!
Casting: Freeze (safe; 3% risk of failure)
Confirm with . or Enter, or press ? or * to list all spells.
Aiming: Freeze (safe; 3% risk of failure)
Press: ? - help, Shift-Dir - straight line, f/p - Edmund
Aim: Edmund, wielding a +1 vorpal flail and wearing a +1 scale mail of poison resistance (heavily wounded)
You freeze Edmund.
Edmund is heavily wounded.
The endoplasm freezes you.
You are frozen.
* * * LOW HITPOINT WARNING * * *
Edmund closely misses you.
Casting: Freeze (safe; 3% risk of failure)
Confirm with . or Enter, or press ? or * to list all spells.
Aiming: Freeze (safe; 3% risk of failure)
Press: ? - help, Shift-Dir - straight line, f/p - Edmund
Aim: Edmund, wielding a +1 vorpal flail and wearing a +1 scale mail of poison resistance (heavily wounded)
You freeze Edmund.
Edmund is severely wounded.
The endoplasm barely misses you. Edmund hits you but does no damage.
Casting: Freeze (safe; 3% risk of failure)
Confirm with . or Enter, or press ? or * to list all spells.
Aiming: Freeze (safe; 3% risk of failure)
Press: ? - help, Shift-Dir - straight line, f/p - Edmund
Aim: Edmund, wielding a +1 vorpal flail and wearing a +1 scale mail of poison resistance (severely wounded)
You freeze Edmund.
Edmund is severely wounded.
The endoplasm freezes you.
You are frozen.
* * * LOW HITPOINT WARNING * * *
Edmund barely misses you.
Casting: Freeze (safe; 3% risk of failure)
Confirm with . or Enter, or press ? or * to list all spells.
Aiming: Freeze (safe; 3% risk of failure)
Press: ? - help, Shift-Dir - straight line, f/p - Edmund
Aim: Edmund, wielding a +1 vorpal flail and wearing a +1 scale mail of poison resistance (severely wounded)
You freeze Edmund.
Edmund is almost dead.
The endoplasm closely misses you. Edmund hits you with a +1 vorpal flail!
You die...

#. #..##.. ##. #..#... #..
#.....########..##
#.........##.....##
#.............P♣..#
#$...........P♣♣).#
###...@J......♣...)##
#......@............#
.####...............##
#................#
#................#
#...>|....<.....##
##.............##
##.....#+#...## ###
#.....#S#....#
....#############...#S#.##...


You could see Edmund, an adder and an endoplasm.

Vanquished Creatures
  A jelly (D:4)
  An orc priest (D:4)
  3 orc wizards
  2 adders (D:3)
  3 dart slugs
  4 orcs
  4 endoplasms
  2 giant cockroaches (D:3)
  3 goblins
  6 hobgoblins
  7 jackals (D:1)
  6 quokkas
  4 ball pythons
  3 bats
  3 frilled lizards
  6 kobolds
  9 rats
67 creatures vanquished.

Notes
Turn   | Place    | Note
-------+----------+-------------------------------------------
     0 | D:1      | avis the Demigod Ice Elementalist began the quest for the
                  | Orb.
     0 | D:1      | Reached XP level 1. HP: 14/14 MP: 5/5
   379 | D:1      | Reached skill level 1 in Fighting
   381 | D:1      | Reached XP level 2. HP: 23/23 MP: 4/7
   614 | D:1      | Reached skill level 4 in Ice Magic
  1141 | D:2      | Reached XP level 3. HP: 28/28 MP: 6/8
  1145 | D:2      | Learned a level 3 spell: Ozocubu's Armour
  1610 | D:2      | Found Peunetei's General Store.
  1737 | D:2      | Bought 2 potions of curing for 84 gold pieces
  1737 | D:2      | Bought a scroll of teleportation for 42 gold pieces
  1737 | D:2      | Bought a scroll of noise for 14 gold pieces
  2681 | D:3      | Reached XP level 4. HP: 17/36 MP: 3/10
  3265 | D:4      | Noticed zhov's ghost (amateur DsHu)
  3265 | D:4      | Found a runed translucent door.
  3360 | D:4      | Reached XP level 5. HP: 22/41 MP: 12/12
  3364 | D:4      | Reached skill level 1 in Armour
  3578 | D:4      | Noticed Edmund
  3593 | D:4      | Slain by Edmund

Illustrated notes

Levels and vault maps discovered:
D:1:      dpeg_arrival_lava_altar, layout_basic,
          shapermc_ecumenical_altar_flowoftime
D:2:      layout_basic, serial_shops, shop
D:3:      layout_basic
D:4:      layout_cave_pods, kennysheep_ying_yang, fedhas_altar_fruit_tree,
          ebering_ghost_sewer_d, serial_column_ruins, column_ruins_open_tiny,
          column_ruins_open_small, column_ruins_corridor_straight,
          column_ruins_columns_straight, serial_park_tiny_2, uniq_edmund

Skill      XL: |  1  2  3  4  5 |
---------------+----------------+-----
Fighting       | 1 2 |  2.0
Spellcasting   | 2 3 |  3.0
Ice Magic      | 4 |  4.0
Dodging        | 2 3 |  3.0
Stealth        | 2 |  2.0
Armour         | 1 |  1.8

Action                   |  1- 3 |  4- 6 || total
-------------------------+-------+-------++-------
Melee: Dagger            |    29 |    31 ||    60
       Morningstar       |    13 |       ||    13
       Whip              |       |     1 ||     1
 Cast: Freeze            |    63 |    39 ||   102
       Ozocubu's Armour  |     1 |     2 ||     3
  Use: Potion            |     1 |     2 ||     3
 Stab: Sleeping          |     4 |     2 ||     6
Armor: Robe              |     5 |    20 ||    25
Dodge: Dodged            |    44 |    32 ||    76

Table legend: (Time is in decaauts)
 A = Elapsed time spent in this place.
 B = Non-inter-level travel time spent in this place.
 C = Inter-level travel time spent in this place.
 D = Time resting spent in this place.
 E = Time spent auto-exploring this place.
 F = Levels seen in this place.
 G = Mean time per level.
                   A        B        C        D        E       F      G
               +--------+--------+--------+--------+--------+-----+--------+
         Total |   3581 |   3208 |    373 |   1455 |   1050 |   4 |  895.2 |
       Dungeon |   3581 |   3208 |    373 |   1455 |   1050 |   4 |  895.2 |
               +--------+--------+--------+--------+--------+-----+--------+

Top non-repeatable levels by time:
     D:1: 1185 daAuts
     D:3: 1064 daAuts
     D:2: 1061 daAuts
     D:4: 269 daAuts
